 Dungeon Crawl Stone Soup version 0.17.0-28-g6e173f8 (webtiles) character file.

102 HandofTrog the Chopper (level 5, 0/61 HPs)
             Began as a Human Berserker on Dec 3, 2015.
             Was a Believer of Trog.
             Slain by Crazy Yiuf
             ... wielding a +4 quarterstaff of chaos
              (4 damage)
             ... on level 2 of the Dungeon.
             The game lasted 00:07:00 (1416 turns).

HandofTrog the Chopper (Human Berserker)            Turns: 1416, Time: 00:07:02

Health: 0/61       AC:  9    Str: 23    XL:     5   Next: 5%
Magic:  11/14      EV: 11    Int:  7    God:    Trog [**....]
Gold:   127        SH:  0    Dex: 13    Spells: 0 memorised, 4 levels left

rFire  . . .     SeeInvis +     a - +1 hand axe
rCold  . . .     Clarity  .     p - +0 ring mail
rNeg   . . .     SustAt   .     (no shield)
rPois  .         Gourm    .     l - +2 helmet {SInv}
rElec  .         Spirit   .     i - +0 cloak
rCorr  .         Warding  .     (no gloves)
rMut   .         Stasis   .     (no boots)
MR     .....                    (no amulet)
Stlth  ..........               (no ring)
                                j - ring of magical power

@: mighty, berserking, slowed, drained, not resistant to hostile enchantments,
extremely unstealthy
A: no striking features
a: Berserk, Trog's Hand, Burn Spellbooks, Renounce Religion


You were on level 2 of the Dungeon.
You worshipped Trog.
Trog was pleased with you.
You were very hungry.

You visited 1 branch of the dungeon, and saw 2 of its levels.

You collected 127 gold pieces.

Inventory:

Hand Weapons
 a - a +1 hand axe (weapon)
Missiles
 h - 3 tomahawks (quivered)
Armour
 b - a +0 animal skin
 i - a +0 cloak (worn)
 l - a +2 helmet of see invisible (worn)
 p - a +0 ring mail (worn)
Jewellery
 j - a ring of magical power (left hand)
Scrolls
 e - 2 scrolls of remove curse
 f - a scroll of enchant weapon
 g - a scroll of teleportation
 k - a scroll of identify
Potions
 d - a potion of lignification
Comestibles
 c - 2 bread rations
 m - a royal jelly
 n - a beef jerky
 o - a meat ration


   Skills:
 - Level 3.0(2.7) Fighting
 + Level 5.3(5.0) Axes
 - Level 2.0(1.7) Armour
 - Level 2.0(1.7) Dodging


You had 4 spell levels left.
You didn't know any spells.

Dungeon Overview and Level Annotations

Branches:
Dungeon (2/15)

Altars:

Annotations:
D:2 Crazy Yiuf


Message History

Crazy Yiuf hits you with a quarterstaff of chaos.
You feel your power leaking away.
Drink which item? (? for menu, Esc to quit)
You feel very mighty all of a sudden. Crazy Yiuf barely misses you.
You hit Crazy Yiuf.
Crazy Yiuf is heavily wounded.
Crazy Yiuf yells, "Cod poople down!"
Crazy Yiuf hits you with a quarterstaff of chaos.
* * * LOW HITPOINT WARNING * * *
You feel your power leaking away.
Drink which item? (? for menu, Esc to quit)
Okay, then.
A red film seems to cover your vision as you go berserk!
You feel yourself moving faster!
You feel mighty!
You are feeling very hungry.
Crazy Yiuf hits you with a quarterstaff of chaos!
* * * LOW HITPOINT WARNING * * *
Crazy Yiuf freezes you.
You die...

..........#...............###....
...........###########....###....
...........# #....#......
...........# ##### #....#......
...........# #)..# #..>.#......
........#### #...# #....#......
......### ... #....#......
......# #g# #....#...... #######
♣@♣♣ #....####### ♣♣.♣ #....#
♣.♣♣ #....# ♣♣.♣ #....# ♣♣.♣♣
#....# ♣♣...♣ #.#### ♣.♣..♣ #.#
#+..+# #.# #....###.#


You could see Crazy Yiuf.

Vanquished Creatures
  Natasha (thrice) (D:2)
  Robin (D:2)
  An adder (D:2)
  A giant gecko (D:1)
  A ball python (D:1)
  3 giant cockroaches
  9 goblins
  6 hobgoblins
  8 jackals
  4 bats
  2 giant newts (D:2)
  2 kobolds (D:2)
  7 rats
48 creatures vanquished.

Notes
Turn   | Place    | Note
--------------------------------------------------------------
     0 | D:1      | HandofTrog the Human Berserker began the quest for the Orb.
     0 | D:1      | Reached XP level 1. HP: 18/18 MP: 1/1
   208 | D:1      | Reached XP level 2. HP: 24/24 MP: 2/2
   551 | D:1      | Reached skill level 4 in Axes
   551 | D:1      | Reached XP level 3. HP: 25/29 MP: 3/3
   608 | D:2      | Noticed Natasha
   617 | D:2      | Killed Natasha
   687 | D:2      | Reached XP level 4. HP: 35/35 MP: 4/4
   717 | D:2      | Noticed Natasha
   729 | D:2      | Killed Natasha
   795 | D:2      | Noticed Natasha
   801 | D:2      | Killed Natasha
   801 | D:2      | Reached ** piety under Trog
  1050 | D:2      | Noticed Robin
  1057 | D:2      | Killed Robin
  1057 | D:2      | Reached skill level 5 in Axes
  1198 | D:2      | Reached XP level 5. HP: 37/41 MP: 5/5
  1407 | D:2      | Noticed Crazy Yiuf
  1416 | D:2      | Slain by Crazy Yiuf

Action                   |  1- 3 |  4- 6 || total
-------------------------+-------+-------++-------
Melee: Hand axe          |    71 |    69 ||   140
Throw: Tomahawk          |     3 |       ||     3
Invok: Berserk           |       |     2 ||     2
  Use: Scroll            |       |     5 ||     5
       Potion            |       |     1 ||     1
  Eat: Chunk             |       |     2 ||     2
